 Dungeon Crawl Stone Soup version 0.28.0-43-g3370ac3207 (webtiles) character file.

Game seed: 17495544204928145778

131 Peloso the Covered (level 4, -4/41 HPs)
             Began as a Minotaur Fighter on Mar 23, 2022.
             Slain by an orc wizard
             ... wielding a +2 dagger of venom
              (5 damage)
             ... on level 4 of the Dungeon.
             The game lasted 00:04:14 (2522 turns).

Peloso the Covered (Minotaur Fighter)               Turns: 2522, Time: 00:04:15

Health: -4/41      AC:  9    Str: 21    XL:     4   Next: 91%
Magic:  3/3        EV:  7    Int:  5    God:
Gold:   181        SH:  0    Dex: 11    Spells: 3/3 levels left

rFire   . . .      SeeInvis .   a - +0 long sword
rCold   . . .      Faith    .   c - +0 buckler
rNeg    . . .      Spirit   .   g - +0 chain mail
rPois   .          Reflect  .   (helmet restricted)
rElec   .          Harm     .   (no cloak)
rCorr   .          Rampage  .   (no gloves)
Will    .....                   (no boots)
Stlth   ..........              (no amulet)
HPRegen 0.13/turn               (no ring)
MPRegen 0.08/turn               (no ring)

@: confused, lethally poisoned (-4 -> -15)
A: horns 2, retaliatory headbutt
a: no special abilities


You were on level 4 of the Dungeon.
You visited 1 branch of the dungeon, and saw 4 of its levels.

You collected 181 gold pieces.

Inventory:

Hand Weapons
 a - a +0 long sword (weapon)
 b - the +7 trident "Fayd Sisi" {drain, Will- Str+5}
   (You found it on level 2 of the Dungeon)

   A truly terrible weapon, it drains the life of any living foe it strikes.
   Str:       It affects your strength (+5).
   Will:      It decreases your willpower.
Armour
 c - a +0 buckler (worn)
 g - a +0 chain mail (worn)
 q - a +1 scale mail of cold resistance
Wands
 m - a wand of acid (10)
Scrolls
 f - a scroll of summoning {unknown}
 j - a scroll of vulnerability {unknown}
 k - a scroll of teleportation
 o - a scroll of noise {unknown}
 p - a scroll of brand weapon {unknown}
 r - a scroll of identify
Potions
 d - 2 potions of might
 e - a potion of curing
 h - 2 potions of haste {unknown}
 i - a potion of magic
 l - a potion of attraction {unknown}
 n - 2 potions of brilliance {unknown}


   Skills:
 + Level 4.5 Fighting
 + Level 4.0 Long Blades
 + Level 4.7 Armour
 + Level 0.3 Dodging
 + Level 4.2 Shields


You had 3 spell levels left.
You didn't know any spells.
Your spell library was empty.

Dungeon Overview and Level Annotations

Branches:
Dungeon (4/15)
 Temple: D:4-7

Altars:

Shops:
D:3 :=


Innate Abilities, Weirdness & Mutations

You have a pair of horns on your head.
You reflexively headbutt those who attack you in melee.


Message History

The orc wizard gestures at you while chanting.
You are confused.
The orc hits you with a +0 hand axe. The orc hits you but does no damage.
Unknown command.
You bump into the rock wall.
The orc wizard gestures at you while chanting.
You are more confused.
The orc hits you with a +0 hand axe. The orc barely misses you.
You closely miss the orc wizard.
The orc wizard is almost dead.
The orc wizard hits you but does no damage.
The orc hits you but does no damage. x2
The orc wizard hits you with a +2 dagger of venom.
You are poisoned.
Unknown command.
You hit the orc wizard.
The orc wizard is almost dead.
You feel sick.
The orc wizard hits you with a +2 dagger of venom.
You are more poisoned.
The orc hits you but does no damage.
The orc wizard gestures at you while chanting.
The magic dart hits you.
* * * LOW HITPOINT WARNING * * *
You barely miss the orc. You headbutt the orc.
The orc is moderately wounded.
* * * LOW HITPOINT WARNING * * *
You feel very sick. The orc barely misses you.
The orc hits you but does no damage.
The orc wizard hits you but does no damage.
You are more poisoned.
You closely miss the orc wizard.
You headbutt the orc wizard, but do no damage.
The orc wizard is almost dead.
* * * LOW HITPOINT WARNING * * *
You feel very sick. The orc hits you but does no damage.
The orc hits you with a +0 hand axe.
* * * LOW HITPOINT WARNING * * *
The orc wizard hits you with a +2 dagger of venom.
You die...

...... .... ..#
......... #.#
.....>... #.. .......
.# #.. .....# #.# #..
#.#.# ..#.. ##.#
#.##...####.#.#####..#
#....@o..............#
#####oo..###..####.#..
#J#.........##.#.#
...#.........##.#.#
?.##.#...<.....#.....
... #.#..)............
.. #.#...............
. #.#..............#
.............#....


You could see an orc wizard, 2 orcs and an endoplasm.

Vanquished Creatures
  Jessica (D:2)
  Robin (D:2)
  An adder (D:2)
  A worm (D:3)
  3 dart slugs
  2 orcs
  6 bats
  7 endoplasms
  A giant cockroach (D:1)
  13 goblins
  7 hobgoblins
  5 kobolds
  3 quokkas
  9 ball pythons
  4 frilled lizards
  3 rats
67 creatures vanquished.

Notes
Turn   | Place    | Note
-------+----------+-------------------------------------------
     0 | D:1      | Peloso the Minotaur Fighter began the quest for the Orb.
     0 | D:1      | Reached XP level 1. HP: 19/19 MP: 0/0
    82 | D:1      | Reached XP level 2. HP: 24/27 MP: 1/1
   974 | D:2      | Reached XP level 3. HP: 29/33 MP: 2/2
  1315 | D:2      | Noticed Jessica
  1326 | D:2      | Killed Jessica
  1331 | D:2      | Reached XP level 4. HP: 29/40 MP: 3/3
  1456 | D:2      | Identified the +7 trident "Fayd Sisi" {drain, Will- Str+5}
  1512 | D:2      | Noticed Robin
  1526 | D:2      | Killed Robin
  1925 | D:3      | Found Recwemeo's Book Emporium.
  2446 | D:3      | Found Meyleuf's Jewellery Shop.
  2522 | D:4      | HP: 2/41 [poisoned by an orc wizard]
  2522 | D:4      | Slain by an orc wizard

Illustrated notes

Levels and vault maps discovered:
D:1:      amcnicky_arrival_choice, layout_basic, hangedman_decor_push
D:2:      layout_basic, minmay_misc_feat_secret_circle, uniq_robin, uniq_jessica
D:3:      layout_basic, serial_shops, shop_coins, nicolae_shop_crystal
D:4:      layout_rooms, minmay_temple_entry_antechambers,
          lexackson_kobold_supper

Skill      XL: |  1  2  3  4 |
---------------+-------------+-----
Armour         | 4 |  4.7
Shields        | 4 |  4.2
Fighting       | 4 |  4.5
Long Blades    | 3 4 |  4.0
Dodging        | |  0.3

Action                   |  1- 3 |  4- 6 || total
-------------------------+-------+-------++-------
Melee: Long sword        |    70 |    51 ||   121
       Headbutt          |    10 |     9 ||    19
  Use: Potion            |     3 |       ||     3
       Scroll            |       |     3 ||     3
Armor: Scale mail        |     4 |       ||     4
       Chain mail        |    49 |    41 ||    90
Dodge: Dodged            |    25 |    36 ||    61
Block: Buckler           |    18 |    10 ||    28
